 Dungeon Crawl Stone Soup version 0.30.1-3-gfc49f6343a (webtiles) character file.

Game seed: 5001988270710669223

145 Tirrikindir the Shield-Bearer (level 5, -5/36 HPs)
             Began as an Octopode Fighter on Aug 9, 2023.
             Killed from afar by Ijyb (8 damage)
             ... with a puff of flame
             ... on level 3 of the Dungeon.
             The game lasted 00:04:40 (1862 turns).

Tirrikindir the Shield-Bearer (Octopode Fighter)    Turns: 1862, Time: 00:04:41

Health: -5/36      AC:  1    Str: 16    XL:     5   Next: 27%
Magic:  5/5        EV: 13    Int: 16    God:
Gold:   147        SH:  5    Dex: 13    Spells: 4/4 levels left

rFire   . . .        a - +0 long sword
rCold   . . .        b - +0 buckler
rNeg    . . .        (helmet restricted)
rPois   .            (no amulet)
rElec   .            l - +6 ring of intelligence
rCorr   .            (no ring)
SInv    .            (no ring)
Will    .....        (no ring)
Stlth   +++          (no ring)
HPRegen 0.26/turn    (no ring)
MPRegen 0.09/turn    (no ring)
                     (no ring)

%: no passive effects
@: no status effects
A: almost no armour, amphibious, 8 rings, camouflage 1, gelatinous body 1,
(nimble swimmer 1), tentacles
a: no special abilities


You were on level 3 of the Dungeon.
You visited 1 branch of the dungeon, and saw 3 of its levels.

You collected 147 gold pieces.

Inventory:

Hand Weapons
 a - a +0 long sword (weapon)
Armour
 b - a +0 buckler (worn)
Jewellery
 l - a +6 ring of intelligence (left tentacle)
Wands
 o - a wand of digging (6)
Scrolls
 e - a scroll of silence {unknown}
 i - 2 scrolls of blinking {unknown}
 j - a scroll of teleportation {unknown}
 m - a scroll of identify {unknown}
 n - a scroll of enchant armour {unknown}
Potions
 c - a potion of degeneration {unknown}
 d - a potion of brilliance {unknown}
 f - 3 potions of heal wounds {unknown}
 g - 2 potions of ambrosia {unknown}
 h - a potion of haste {unknown}
 k - 4 potions of curing {unknown}


   Skills:
 + Level 3.6 Fighting
 * Level 3.3 Long Blades
 + Level 3.5 Dodging
 + Level 2.6 Stealth
 + Level 3.6 Shields


You had 4 spell levels left.
You didn't know any spells.
Your spell library contained the following spells:

 Spells                   Type           Power      Damage    Failure   Level
 Apportation              Tloc           0%         N/A       32%         1
 Sting                    Tmut/Pois      0%         1d3       32%         1
 Poisonous Vapours        Pois/Air       0%         N/A       43%         2
 Inner Flame              Hex/Fire       0%         N/A       67%         3
 Olgreb's Toxic Radiance  Pois           0%         N/A       97%         4
 Alistair's Intoxication  Tmut/Pois      0%         N/A       100%        5
 Yara's Violent Unravell  Hex/Tmut       0%         3d3       100%        5
 Enfeeble                 Hex            0%         N/A       100%        7


Dungeon Overview and Level Annotations

Branches:
Dungeon (3/15)

Altars:
Wu Jian

Annotations:
D:3 Ijyb


Innate Abilities, Weirdness & Mutations

You cannot wear most types of armour.
You are amphibious.
You can wear up to eight rings at the same time.
Your skin changes colour to match your surroundings (Stealth+).
Your rubbery body absorbs attacks. (AC +1, EV +1)
((You are camouflaged when in or above water. (Stealth+)))
You have tentacles for arms and can constrict up to eight enemies at once.


Message History

Found a club.
You see here a +0 club.
Done exploring.
(D) Dungeon
Where to? (Enter - D:2, ? - help)
There is a stone staircase leading down here.
You climb downwards.
There is a stone staircase leading up here.
Ijyb the Twisted Goblin comes into view.
She is wielding a +0 club and carrying a wand of flame (14).
Ijyb shouts!
You hear a shout! x2
A goblin comes into view. It is wielding a +0 dagger.
You hit Ijyb but do no damage. You grab Ijyb.
You constrict Ijyb, but do no damage. You block Ijyb's attack.
You hit Ijyb but do no damage. You constrict Ijyb, but do no damage.
Ijyb hits you with a +0 club.
Ijyb zaps a wand.
The puff of flame hits you!
You hit Ijyb.
Ijyb is lightly wounded.
You constrict Ijyb, but do no damage. Ijyb completely misses you.
You hit Ijyb but do no damage. You squeeze Ijyb, but do no damage.
Ijyb is lightly wounded.
You constrict Ijyb, but do no damage. Ijyb hits you with a +0 club.
The goblin completely misses you.
You hit Ijyb.
Ijyb is lightly wounded.
You constrict Ijyb. Ijyb barely misses you. The goblin misses you.
You hit Ijyb. You squeeze Ijyb, but do no damage.
Ijyb is moderately wounded.
You constrict Ijyb. Ijyb hits you with a +0 club.
The goblin hits you with a +0 dagger. Ijyb closely misses you.
The goblin hits you with a +0 dagger.
You hit Ijyb.
Ijyb is heavily wounded.
You constrict Ijyb.
Ijyb zaps a wand.
The puff of flame hits you!
* * * LOW HITPOINT WARNING * * *
The goblin hits you with a +0 dagger.
* * * LOW HITPOINT WARNING * * *
You hit Ijyb.
Ijyb is almost dead.
You constrict Ijyb.
Ijyb zaps a wand.
The puff of flame hits you!
You die...

#.....#. #..... #.....#.
+.... +# #.....#.
#....#.# #.##..#.
...#..### #.....#.
#..#..... ####.##.
#..#..#####.......
#######..............###
......g@....#.#.#.###...
......g###....#.#'###.##
.......####.###.........
.......#................
.#######.##..###........
.. ##<###........ #.#
#....#+###### . #.##.#.#
#. #.##...#####.


You could see Ijyb and a goblin.

Vanquished Creatures
  Natasha (thrice) (D:2)
  Terence (D:2)
  2 dart slugs (D:2)
  4 endoplasms
  3 goblins
  5 hobgoblins (D:1)
  7 jackals
  2 quokkas (D:1)
  3 ball pythons
  A bat (D:2)
  A frilled lizard (D:2)
  8 kobolds
  3 rats
43 creatures vanquished.

Notes
Turn   | Place    | Note
-------+----------+-------------------------------------------
     0 | D:1      | Tirrikindir the Octopode Fighter began the quest for the
                  | Orb.
     0 | D:1      | Reached XP level 1. HP: 16/16 MP: 1/1
   249 | D:1      | Reached XP level 2. HP: 20/21 MP: 2/2
   309 | D:1      | Reached skill level 1 in Stealth
   898 | D:2      | Reached XP level 3. HP: 21/26 MP: 3/3
  1027 | D:2      | You fall into a shaft and drop 1 floor!
  1176 | D:3      | Found an ornate altar of the Wu Jian Council.
  1196 | D:2      | Identified the +0 scale mail of the Hidden Vale {-Tele
                  | rPois rF+ Int+2}
  1211 | D:2      | Noticed Natasha
  1224 | D:2      | Killed Natasha
  1225 | D:2      | Reached XP level 4. HP: 3/31 MP: 4/4
  1380 | D:2      | Noticed Natasha
  1391 | D:2      | Killed Natasha
  1408 | D:2      | Noticed Natasha
  1415 | D:2      | Killed Natasha
  1416 | D:2      | Reached XP level 5. HP: 11/36 MP: 5/5
  1601 | D:2      | Noticed Terence
  1607 | D:2      | Killed Terence
  1851 | D:3      | Noticed Ijyb
  1862 | D:3      | Killed from afar by Ijyb

Illustrated notes

Levels and vault maps discovered:
D:1:      mrwooster_arrival_arrow, layout_loops_corners
D:2:      layout_basic, minmay_ruptured, uniq_natasha, uniq_terence
D:3:      layout_basic, mainiacjoe_overflow_six_doors_small,
          lemuel_crystal_altar, uniq_ijyb, uniq_jessica, uniq_sigmund

Skill      XL: |  1  2  3  4 |
---------------+-------------+-----
Stealth        | 1 2 |  2.6
Long Blades    | 3 |  3.3
Fighting       | |  3.6
Dodging        | |  3.5
Shields        | |  3.6

Action                     |  1- 3 |  4- 6 || total
---------------------------+-------+-------++-------
  Melee: Long sword        |    71 |    26 ||    97
         Constrict         |    19 |     8 ||    27
         Tentacles         |    10 |     8 ||    18
    Use: Potion            |       |     1 ||     1
   Stab: Sleeping          |     7 |     1 ||     8
 Armour: Skin              |     2 |     2 ||     4
  Dodge: Dodged            |    39 |    11 ||    50
  Block: Buckler           |    17 |     3 ||    20
